 Dungeon Crawl Stone Soup version 0.30.1-3-gfc49f6343a (webtiles) character file.

Game seed: 6817548479084138072

373 Eitelfritz the Slasher (level 6, -1/47 HPs)
             Began as a Demonspawn Gladiator on July 22, 2023.
             Slain by an ogre
             ... wielding a +0 giant club
              (18 damage)
             ... on level 4 of the Dungeon.
             The game lasted 00:05:57 (2534 turns).

Eitelfritz the Slasher (Demonspawn Gladiator)       Turns: 2534, Time: 00:05:58

Health: -1/47      AC:  8    Str: 16    XL:     6   Next: 43%
Magic:  6/6        EV: 12    Int:  9    God:
Gold:   81         SH:  4    Dex: 15    Spells: 5/5 levels left

rFire   . . .        a - +0 long sword
rCold   . . .        (no shield)
rNeg    . . .        l - +0 ring mail
rPois   .            v - +2 helmet
rElec   .            (no cloak)
rCorr   .            (no gloves)
SInv    .            (no boots)
Will    .....        (no amulet)
Stlth   +            (no ring)
HPRegen 0.27/turn    (no ring)
MPRegen 0.10/turn

%: no passive effects
@: no status effects
A: claws 2, large bone plates 1
a: no special abilities


You were on level 4 of the Dungeon.
You visited 1 branch of the dungeon, and saw 4 of its levels.

You collected 81 gold pieces.

Inventory:

Hand Weapons
 a - a +0 long sword (weapon)
 b - a +0 sling
Missiles
 d - 3 throwing nets (quivered)
 e - a javelin
Armour
 l - a +0 ring mail (worn)
 v - a +2 helmet (worn)
Scrolls
 f - 2 scrolls of immolation {unknown}
 h - 4 scrolls of identify {unknown}
 j - a scroll of enchant armour {unknown}
 k - a scroll of magic mapping {unknown}
 p - a scroll of acquirement {unknown}
 s - a scroll of fear {unknown}
 u - a scroll of teleportation {unknown}
Potions
 c - a potion of attraction {unknown}
 g - 3 potions of curing {unknown}
 i - a potion of haste {unknown}
 m - a potion of degeneration {unknown}
 n - 2 potions of heal wounds {unknown}
 o - a potion of resistance {unknown}
 q - a potion of invisibility {unknown}
 r - a potion of flight {unknown}
 t - a potion of ambrosia {unknown}


   Skills:
 + Level 3.0 Fighting
 + Level 4.7 Long Blades
 + Level 1.8 Throwing
 + Level 2.2 Armour
 + Level 4.0 Dodging
 + Level 0.1 Stealth
 + Level 0.4 Shields


You had 5 spell levels left.
You didn't know any spells.
Your spell library contained the following spells:

 Spells                   Type           Power      Damage    Failure   Level
 Sublimation of Blood     Necr           0%         N/A       75%         2
 Wereblood                Tmut           0%         N/A       75%         2
 Inner Flame              Hex/Fire       0%         N/A       92%         3
 Flame Wave               Conj/Fire      0%         2d4       100%        4
 Sticky Flame             Conj/Fire      0%         2d3       100%        4
 Summon Ice Beast         Ice/Summ       0%         N/A       100%        4
 Summon Mana Viper        Hex/Summ       0%         N/A       100%        5
 Monstrous Menagerie      Summ           0%         N/A       100%        7
 Summon Hydra             Summ           0%         N/A       100%        7


Dungeon Overview and Level Annotations

Branches:
Dungeon (4/15)
 Temple: D:4-7

Altars:

Annotations:
D:3 1 runed translucent door, Crazy Yiuf, Grinder


Innate Abilities, Weirdness & Mutations

You have very sharp fingernails.
You are partially covered in large bone plates. (SH +4)


Message History

You slash the hobgoblin!
You kill the hobgoblin!
Items here: )) ††.
You see here a +0 sling.
You see here a +0 sling.
An ogre comes into view. It is wielding a +0 giant club.
The ogre shouts!
b - a +0 sling (weapon)
Fire: b) +0 sling
Press: ? - help, Q - select action, (/) - cycle Shift-Dir - straight line, f - ogre
Aim: an ogre, wielding a +0 giant club (72% to hit)
You shoot a sling bullet. The sling bullet hits the ogre.
The ogre is lightly wounded.
Fire: b) +0 sling
Press: ? - help, Q - select action, (/) - cycle Shift-Dir - straight line, f/p - ogre
Aim: an ogre, wielding a +0 giant club (lightly wounded, 72% to hit)
You shoot a sling bullet.
The sling bullet barely misses the ogre.
Fire: b) +0 sling
Press: ? - help, Q - select action, (/) - cycle Shift-Dir - straight line, f/p - ogre
Aim: an ogre, wielding a +0 giant club (lightly wounded, 72% to hit)
You shoot a sling bullet. The sling bullet hits the ogre.
The ogre is moderately wounded.
An endoplasm comes into view.
a - a +0 long sword (weapon)
You barely miss the ogre.
The ogre is lightly wounded.
The ogre hits you with a +0 giant club.
You barely miss the ogre.
The ogre is lightly wounded.
The ogre hits you with a +0 giant club!
You slash the ogre!
The ogre is heavily wounded.
The ogre hits you with a +0 giant club!
You barely miss the ogre.
The ogre is heavily wounded.
You closely miss the ogre.
The ogre is heavily wounded.
The ogre hits you with a +0 giant club!!
You die...

≈~~~~~~~~≈.....~~~~~~~~~
J.. .~~~.~~....~~~~~.~..
...................))...
........................
.....#.##..#######.#.##.
.............# #).....
........##.#.# #)#####
.. #O##.#.# #.#
#.#@##.#.# ##.#####
#......#.####.......
###............#####
#...####.####.## #.###
#.####.# # ... #......#
# ..# ######## # #.. #
#. #


You could see an ogre.

Vanquished Creatures
  Sigmund (D:2)
  A scorpion (D:4)
  A sleepcap (D:3)
  Natasha (D:2)
  Robin (D:2)
  An ufetubus (D:4)
  A worm (D:2)
  2 orcs (D:3)
  5 ball pythons
  3 bats
  3 endoplasms
  2 giant cockroaches
  14 goblins
  9 hobgoblins
  4 jackals (D:2)
  7 kobolds
  5 quokkas
  4 frilled lizards
  8 rats
73 creatures vanquished.

Notes
Turn   | Place    | Note
-------+----------+-------------------------------------------
     0 | D:1      | Eitelfritz the Demonspawn Gladiator began the quest for the
                  | Orb.
     0 | D:1      | Reached XP level 1. HP: 16/16 MP: 1/1
   219 | D:1      | Gained mutation: You have sharp fingernails. [demonic
                  | ancestry]
   219 | D:1      | Reached XP level 2. HP: 22/22 MP: 2/2
  1040 | D:2      | Noticed Robin
  1050 | D:1      | Reached XP level 3. HP: 22/27 MP: 3/3
  1191 | D:2      | Killed Robin
  1260 | D:2      | Noticed Sigmund
  1348 | D:2      | Killed Sigmund
  1349 | D:2      | Reached skill level 1 in Armour
  1349 | D:2      | Gained mutation: You are partially covered in large bone
                  | plates. (SH +4) [demonic ancestry]
  1349 | D:2      | Reached XP level 4. HP: 24/34 MP: 4/4
  1349 | D:2      | Gained mutation: You have very sharp fingernails. [demonic
                  | ancestry]
  1349 | D:2      | Reached XP level 5. HP: 28/40 MP: 5/5
  1420 | D:2      | Noticed Natasha
  1428 | D:2      | Killed Natasha
  1642 | D:3      | Reached XP level 6. HP: 34/46 MP: 6/6
  1727 | D:3      | Found a runed translucent door.
  1728 | D:3      | Noticed Crazy Yiuf
  2070 | D:3      | Noticed an angel
  2172 | D:3      | Noticed Grinder
  2534 | D:4      | Slain by an ogre

Illustrated notes

Levels and vault maps discovered:
D:1:      dpeg_arrival_boxorama, layout_basic
D:2:      layout_basic, serial_shops, nicolae_shop_stone, uniq_robin,
          uniq_sigmund, uniq_natasha
D:3:      layout_basic, zin_angel, minmay_door_square, grunt_ministairs_14,
          minmay_crystal_room, uniq_crazy_yiuf_cottage, uniq_grinder
D:4:      minmay_goblin_kobold_castle, layout_loops_ring,
          biasface_ghost_orc_armoury

Skill      XL: |  1  2  3  4  5  6 |
---------------+-------------------+-----
Dodging        | 3 4 |  4.0
Long Blades    | 3 4 |  4.7
Armour         | 1 2 |  2.2
Fighting       | 3 |  3.0
Throwing       | |  1.8
Stealth        | |  0.1
Shields        | |  0.4

Action                     |  1- 3 |  4- 6 || total
---------------------------+-------+-------++-------
  Melee: Long sword        |   136 |   118 ||   254
         Punch             |       |     2 ||     2
   Fire: Sling             |       |     3 ||     3
   Stab: Sleeping          |     1 |       ||     1
 Armour: Leather armour    |    23 |       ||    23
         Ring mail         |    24 |    51 ||    75
  Dodge: Dodged            |   128 |   102 ||   230
  Block: Other             |       |    39 ||    39
